 Dungeon Crawl Stone Soup version 0.31-a0-765-g67fe2935dc (webtiles) character file.

Game seed: 17685395559068033257

80 ahrsahrtis the Trooper (level 4, 0/41 HPs)
             Began as a Hill Orc Fighter on Sept 15, 2023.
             Slain by a gnoll
             ... wielding a +0 spear
              (3 damage)
             ... on level 2 of the Dungeon.
             The game lasted 00:03:15 (755 turns).

ahrsahrtis the Trooper (Hill Orc Fighter)            Turns: 755, Time: 00:03:16

Health: 0/41       AC:  7    Str: 20    XL:     4   Next: 39%
Magic:  4/4        EV:  9    Int:  8    God:
Gold:   84         SH:  4    Dex: 10    Spells: 3/3 levels left

rFire   . . .        a - +0 rapier
rCold   . . .        c - +0 buckler
rNeg    . . .        b - +0 scale mail
rPois   .            (no helmet)
rElec   .            (no cloak)
rCorr   .            (no gloves)
SInv    .            (no boots)
Will    .....        (no amulet) Stlth
                     (no ring)
HPRegen 0.26/turn    (no ring)
MPRegen 0.09/turn

%: no passive effects
@: mighty
A: no striking features
a: no special abilities


You were on level 2 of the Dungeon.
You visited 1 branch of the dungeon, and saw 2 of its levels.

You collected 84 gold pieces.

Inventory:

Hand Weapons
 a - a +0 rapier (weapon)
Armour
 b - a +0 scale mail (worn)
 c - a +0 buckler (worn)
Scrolls
 e - 4 scrolls of identify {unknown}
 f - a scroll of poison {unknown}


   Skills:
 + Level 4.3 Fighting
 + Level 2.7 Short Blades
 + Level 4.0 Armour
 + Level 4.0 Shields


You had 3 spell levels left.
You didn't know any spells.
Your spell library contained the following spells:

 Spells                   Type           Power      Damage    Failure   Level
 Sting                    Tmut/Pois      0%         1d3       83%         1
 Poisonous Vapours        Pois/Air       0%         N/A       92%         2
 Olgreb's Toxic Radiance  Pois           0%         N/A       100%        4


Dungeon Overview and Level Annotations

Branches:
Dungeon (2/15)

Altars:

Annotations:
D:2 Terence


Message History

Terence is lightly wounded.
The gnoll barely misses you. Terence barely misses you.
You hit Terence but do no damage.
Terence is lightly wounded.
The gnoll hits you from afar with a +0 spear.
You block Terence's attack.
You hit Terence.
Terence is lightly wounded.
The gnoll hits you but does no damage. Terence barely misses you.
You hit Terence but do no damage.
Terence is lightly wounded.
The gnoll closely misses you. Terence hits you with a +0 falchion.
You hit Terence.
Terence is moderately wounded.
The gnoll hits you but does no damage. Terence looks scornfully at you.
Terence closely misses you.
You drop 3 scrolls labelled QIMUNA ZOAGREIC.
The gnoll hits you from afar with a +0 spear.
* * * LOW HITPOINT WARNING * * *
Terence closely misses you.
Okay, then.
Okay, then.
You feel very mighty all of a sudden. You block the gnoll's attack.
Terence hits you with a +0 falchion.
* * * LOW HITPOINT WARNING * * *
You feel mightier all of a sudden. The gnoll hits you but does no damage.
Terence hits you with a +0 falchion.
* * * LOW HITPOINT WARNING * * *
You closely miss Terence.
Terence is moderately wounded.
The gnoll hits you from afar with a +0 spear.
* * * LOW HITPOINT WARNING * * *
Terence shouts, "Get ready for death!"
Terence misses you.
You hit Terence.
Terence is moderately wounded.
The gnoll barely misses you. You block Terence's attack.
The gnoll hits you from afar with a +0 spear.
You die...

####....######## ##
#.#..#......# .###
##.<[.#......# ...#
#####>..#.#......# ...#
#.......#.#).....#
...###.####..#..)....[#
.....#.# #..####...###
###....# #..####.###
##>.## #..#g@@.# ####
###gg#### #....g#
#....##g# #/...^# #
......... #.####.#.###
# ..### ###


You could see Terence, 2 gnolls and a hobgoblin.

Vanquished Creatures
  Natasha (D:2)
  A gnoll (D:2)
  2 adders (D:2)
  A worm (D:2)
  2 ball pythons
  5 endoplasms
  6 goblins
  4 hobgoblins
  A bat (D:2)
  2 kobolds
25 creatures vanquished.

Notes
Turn   | Place    | Note
-------+----------+-------------------------------------------
     0 | D:1      | ahrsahrtis the Hill Orc Fighter began the quest for the
                  | Orb.
     0 | D:1      | Reached XP level 1. HP: 19/19 MP: 1/1
   131 | D:1      | Found a faded altar of an unknown god.
   259 | D:1      | Reached XP level 2. HP: 27/27 MP: 2/2
   407 | D:2      | Reached XP level 3. HP: 9/33 MP: 3/3
   631 | D:2      | Noticed Natasha
   639 | D:2      | Killed Natasha
   690 | D:2      | Reached XP level 4. HP: 40/40 MP: 4/4
   713 | D:2      | Noticed Terence
   755 | D:2      | Slain by a gnoll

Illustrated notes

Levels and vault maps discovered:
D:1:      spicycebolla_arrival_clurvy, layout_basic,
          hellmonk_ecumenical_altar_inner_sanctum
D:2:      layout_basic, uniq_terence, uniq_natasha

Skill      XL: |  1  2  3  4 |
---------------+-------------+-----
Fighting       | 4 |  4.3
Shields        | 4 |  4.0
Armour         | 4 |  4.0
Short Blades   | |  2.7

Action                     |  1- 3 |  4- 6 || total
---------------------------+-------+-------++-------
  Melee: Rapier            |    68 |    37 ||   105
    Use: Potion            |       |     2 ||     2
 Armour: Scale mail        |    45 |    32 ||    77
  Dodge: Dodged            |    28 |    23 ||    51
  Block: Buckler           |    13 |    12 ||    25

Table legend: (Time is in decaauts)
 A = Elapsed time spent in this place.
 B = Non-inter-level travel time spent in this place.
 C = Inter-level travel time spent in this place.
 D = Time resting spent in this place.
 E = Time spent auto-exploring this place.
 F = Levels seen in this place.
 G = Mean time per level.
                   A        B        C        D        E       F      G
               +--------+--------+--------+--------+--------+-----+--------+
         Total |    773 |    773 |      0 |      0 |    231 |   2 |  386.5 |
       Dungeon |    773 |    773 |      0 |      0 |    231 |   2 |  386.5 |
               +--------+--------+--------+--------+--------+-----+--------+

Top non-repeatable levels by time:
     D:2: 459 daAuts
     D:1: 314 daAuts
